 Dungeon Crawl Stone Soup version 0.31-a0-740-g87205ac768 (webtiles) character file.

Game seed: 10365459447919519519

1454 Shayle the Trooper (level 8, -3/84 HPs)
             Began as an Ogre Shapeshifter on Sept 12, 2023.
             Was an Initiate of Kikubaaqudgha.
             Slain by a hornet (6 damage)
             ... while paralysed by a hornet
             ... on level 7 of the Dungeon.
             The game lasted 00:24:21 (7815 turns).

Shayle the Trooper (Ogre Shapeshifter)              Turns: 7815, Time: 00:24:22

Health: -3/84      AC:  9    Str: 19    XL:     8   Next: 76%
Magic:  3/8        EV:  1    Int: 24    God:    Kikubaaqudgha [......]
Gold:   513        SH:  0    Dex:  8    Spells: 5/7 levels left

rFire   . . .        v - +2 spear (flame)
rCold   + . .        (no shield)
rNeg    . . .        o - +2 robe of Buehisuez {+Inv rC+ Will- Int+5}
rPois   .            (helmet currently unavailable)
rElec   .            (cloak currently unavailable)
rCorr   .            (gloves unavailable)
SInv    .            (boots unavailable)
Will    .....        k - amulet of magic regeneration
Stlth   +            g - +4 ring of protection
HPRegen 0.34/turn    q - +6 ring of intelligence
MPRegen 0.51/turn

%: no passive effects
@: paralysed, lethally poisoned (-3 -> -10), beast-form, very slightly
contaminated, slowed
A: beast (slay +3), large, unfitting armour, tough skin 1
a: Begin Untransformation, Renounce Religion, Evoke Invisibility


You were on level 7 of the Dungeon.
You worshipped Kikubaaqudgha.
Kikubaaqudgha was noncommittal.
You were a hulking beast.
You visited 2 branches of the dungeon, and saw 8 of its levels.

You collected 513 gold pieces.

Inventory:

Hand Weapons
 v - a +2 spear of flaming (weapon)
 E - a +2 whip of draining
Missiles
 u - 2 throwing nets
Armour
 a - a +0 animal skin
 o - the +2 robe of Buehisuez (worn) {+Inv rC+ Will- Int+5}
   (You found it on level 3 of the Dungeon)

   Int+5:     It affects your intelligence (+5).
   rC+:       It protects you from cold.
   Will-:     It decreases your willpower.
   +Inv:      It lets you turn invisible.
 D - a +0 cloak
Magical Staves
 t - a staff of death
Jewellery
 g - a +4 ring of protection (left hand)
 i - an amulet of faith
 k - an amulet of magic regeneration (around neck)
 n - a ring of fire
 q - a +6 ring of intelligence (right hand)
Talismans
 c - a beast talisman (active)
 d - a flux talisman
Wands
 l - a wand of flame (11)
 C - a wand of polymorph (8)
Scrolls
 b - 4 scrolls of amnesia
 e - 2 scrolls of noise
 h - a scroll of revelation
 w - a scroll of brand weapon {unknown}
 y - a scroll of fog {unknown}
 B - a scroll of blinking {unknown}
Potions
 m - 3 potions of degeneration
 r - a potion of enlightenment {unknown}
 s - a potion of ambrosia {unknown}
 x - a potion of invisibility {unknown}
 A - a potion of attraction {unknown}


   Skills:
 + Level 6.9 Fighting
 - Level 5.1 Dodging
 + Level 5.5 Unarmed Combat
 + Level 0.0 Spellcasting
 + Level 5.6 Shapeshifting


You had 5 spell levels left.
You knew the following spells:

 Your Spells              Type           Power      Damage    Failure   Level
a - Scorch                Fire           0%         2d5       22%         2

Your spell library contained the following spells:

 Spells                   Type           Power      Damage    Failure   Level
 Freeze                   Ice            0%         1d3       14%         1
 Frozen Ramparts          Ice            0%         1d1       41%         3
 Hailstorm                Conj/Ice       0%         3d3       41%         3
 Volatile Blastmotes      Fire/Tloc      0%         2d10      41%         3
 Flame Wave               Conj/Fire      0%         2d4       82%         4
 Fulminant Prism          Conj/Hex       0%         3d5       82%         4
 Iskenderun's Mystic Bla  Conj/Tloc      0%         2d3       82%         4
 Summon Cactus Giant      Summ           0%         N/A       100%        6


Dungeon Overview and Level Annotations

Branches:
Dungeon (7/15)             Temple (1/1) D:6

Altars:
Ashenzari
Cheibriados
Dithmenos
Elyvilon
Fedhas
Gozag
Hepliaklqana
Kikubaaqudgha
Makhleb
Nemelex Xobeh
Qazlal
Ru
Sif Muna
Trog
Uskayaw
Vehumet
Wu Jian
Xom
Yredelemnul
Zin

Shops:
D:1 [   D:4 (   D:5 ?


Innate Abilities, Weirdness & Mutations

You are a hulking beast.
Your limbs bulge with bestial killing power. (Slay +3)
You are too large for most types of armour.
You have tough skin. (AC +1)


Message History

* * * LOW HITPOINT WARNING * * *
You feel yourself slow down.
The hornet stings you but does no damage.
You can move again.
Okay, then.
Casting: Scorch (safe; 22% risk of failure)
Confirm with . or Enter, or press ? or * to list all spells.
You miscast Scorch.
Nothing appears to happen.
You feel yourself speed up.
You feel sick.
The hornet stings you but does no damage.
The hornet closely misses you.
Casting: Scorch (safe; 22% risk of failure)
Confirm with . or Enter, or press ? or * to list all spells.
Flames lash the hornet but do no damage.
You feel sick.
The hornet is no longer more vulnerable to fire.
The hornet barely misses you. The hornet completely misses you.
Aiming: Throw Flame
Press: ? - help, Shift-Dir - straight line, f - hornet
Aim: a hornet (severely wounded, 52% to hit)
The puff of flame misses the hornet.
You feel sick.
The hornet stings you but does no damage.
Aiming: Throw Flame
Press: ? - help, Shift-Dir - straight line, f/p - hornet
Aim: a hornet (heavily wounded, 52% to hit)
The puff of flame misses the hornet.
You feel sick. The hornet stings you.
* * * LOW HITPOINT WARNING * * *
You suddenly lose the ability to move!
The hornet stings you but does no damage.
You feel sick. The hornet stings you.
* * * LOW HITPOINT WARNING * * *
You are lethally poisoned!
You feel yourself slow down.
* * * LOW HITPOINT WARNING * * *
You feel sick.
The hornet stings you but does no damage.
The hornet stings you.
You die...
Kikubaaqudgha rasps: "You have failed me!
Welcome... death!"

#.....####....#
......#.#..# ###...
##.##.#.##.######..
#. #.##.#.##.........
#.##.##.#.########..#
#....##...# ####...#
#......####....#.#
#y#............#..
##h.....####....###
#<..##.## ##.##...#
#...#†.# #..####.#
##....## #<## #.#
#....# ##.# #..
##...####..#####..
#...##...........
#...###########..
##### ###


You could see a hornet.

Vanquished Creatures
  Grinder (D:3)
  A black bear (D:5)
  An ice beast (D:7)
  An orc warrior (D:5)
  3 bullfrogs
  A scorpion (D:7)
  6 killer bees
  2 howler monkeys (D:7)
  3 jellies
  An orc priest (D:6)
  An iguana (D:6)
  Ijyb (D:3)
  7 adders
  4 gnolls (D:4)
  A shadow imp (D:7)
  A white imp (D:4)
  A worm (D:3)
  3 dart slugs
  11 orcs
  9 endoplasms
  4 giant cockroaches
  12 goblins
  5 hobgoblins
  7 jackals
  7 ball pythons
  5 bats
  A frilled lizard (D:3)
  6 kobolds
  11 rats
117 creatures vanquished.

Notes
Turn   | Place    | Note
-------+----------+-------------------------------------------
     0 | D:1      | Shayle the Ogre Shapeshifter began the quest for the Orb.
     0 | D:1      | Reached XP level 1. HP: 19/19 MP: 1/1
    46 | D:1      | Found Niaceazalo's Armour Emporium.
    68 | D:1      | Found a faded altar of an unknown god.
   240 | D:1      | Reached XP level 2. HP: 28/28 MP: 2/2
   410 | D:1      | Reached skill level 2 in Fighting
   810 | D:1      | Reached XP level 3. HP: 35/35 MP: 3/3
  1348 | D:2      | Reached XP level 4. HP: 23/44 MP: 4/4
  1643 | D:3      | Reached skill level 3 in Fighting
  1767 | D:3      | Identified the +2 robe of Buehisuez {+Inv rC+ Will- Int+5}
  1816 | D:3      | Noticed Grinder
  1830 | D:3      | Killed Grinder
  1831 | D:3      | Reached skill level 4 in Fighting
  1831 | D:3      | Reached XP level 5. HP: 49/54 MP: 5/5
  1831 | D:3      | Reached XP level 6. HP: 56/62 MP: 6/6
  2057 | D:3      | Noticed Ijyb
  2910 | D:3      | Killed Ijyb
  3178 | D:4      | Found Koto's Weapon Boutique.
  3809 | D:5      | Entered Level 5 of the Dungeon
  3950 | D:5      | Noticed a black bear
  4190 | D:5      | Found Vawiuf's Magic Scroll Boutique.
  4652 | D:5      | Killed a black bear
  4653 | D:5      | Reached XP level 7. HP: 55/71 MP: 7/7
  5181 | D:6      | Reached skill level 5 in Fighting
  6139 | D:6      | Found a staircase to the Ecumenical Temple.
  6148 | Temple   | Entered the Ecumenical Temple
  6173 | Temple   | Became a worshipper of Kikubaaqudgha
  6361 | D:6      | Reached XP level 8. HP: 36/83 MP: 8/8
  6603 | D:7      | Reached skill level 5 in Shapeshifting
  6625 | D:7      | Reached skill level 6 in Fighting
  6630 | D:7      | Reached skill level 5 in Unarmed Combat
  7121 | D:7      | Reached skill level 5 in Dodging
  7270 | D:7      | Noticed a hornet
  7279 | D:7      | Paralysed by a hornet for 3 turns
  7286 | D:7      | Paralysed by a hornet for 1 turns
  7298 | D:6      | Learned a level 2 spell: Scorch
  7804 | D:7      | Paralysed by a hornet for 1 turns
  7807 | D:7      | Paralysed by a hornet for 3 turns
  7813 | D:7      | Paralysed by a hornet for 3 turns
  7815 | D:7      | HP: 3/84 [poisoned by a hornet]
  7815 | D:7      | Slain by a hornet

Illustrated notes

Levels and vault maps discovered:
D:1:      lemuel_arrival_behind_the_door_large, layout_basic,
          hellmonk_ecumenical_altar_slurped_away, serial_shops,
          nicolae_shop_back_alley_shop
D:2:      layout_basic, minivault_11, minmay_gold_behind_fungi,
          kennysheep_generic_room_10
D:3:      kennysheep_goblin_castle, layout_loops_corners, corner_web_ring,
          uniq_grinder
D:4:      layout_basic, serial_shops, shop_fountains,
          chequers_serial_rivers_small_a
D:5:      layout_cave_pools, serial_shops, shop, water_maze_lemuel
D:6:      layout_layer_cave, minmay_temple_entry_antechambers
D:7:      layout_rooms
Temple:   nicolae_temple_slightly_damp_pantheon

Skill      XL: |  1  2  3  4  5  6  7  8 |
---------------+-------------------------+-----
Dodging        | 2 3 4 5 |  5.1
Fighting       | 2 4 5 6 |  6.9
Unarmed Combat | 3 4 5 |  5.5
Shapeshifting  | 4 5 |  5.6

Action                     |  1- 3 |  4- 6 |  7- 9 || total
---------------------------+-------+-------+-------++-------
  Melee: Unarmed           |    79 |   197 |       ||   276
         Punch             |       |     6 |     2 ||     8
         Spear             |       |     8 |   136 ||   144
   Cast: Scorch            |       |       |     4 ||     4
  Evoke: Wand              |       |       |    10 ||    10
    Use: Potion            |       |     3 |     9 ||    12
         Scroll            |       |     7 |     3 ||    10
   Stab: Sleeping          |       |     2 |       ||     2
 Armour: Animal skin       |    50 |    13 |       ||    63
         Skin              |       |     5 |    27 ||    32
         Robe              |       |   143 |   175 ||   318
  Dodge: Dodged            |    39 |    84 |   105 ||   228

Table legend: (Time is in decaauts)
 A = Elapsed time spent in this place.
 B = Non-inter-level travel time spent in this place.
 C = Inter-level travel time spent in this place.
 D = Time resting spent in this place.
 E = Time spent auto-exploring this place.
 F = Levels seen in this place.
 G = Mean time per level.
                   A        B        C        D        E       F      G
               +--------+--------+--------+--------+--------+-----+--------+
         Total |   7838 |   7144 |    694 |   1226 |   4243 |   8 |  979.8 |
       Dungeon |   7794 |   7119 |    675 |   1226 |   4243 |   7 | 1113.4 |
        Temple |     44 |     25 |     19 |      0 |      0 |   1 |   44.0 |
               +--------+--------+--------+--------+--------+-----+--------+

Top non-repeatable levels by time:
     D:6: 1656 daAuts
     D:3: 1482 daAuts
     D:4: 1332 daAuts
     D:1: 951 daAuts
     D:5: 868 daAuts
     D:7: 820 daAuts
     D:2: 683 daAuts
  Temple: 44 daAuts
